 Dungeon Sprint DCSS version 0.32-a0-931-g5a2cda0630 (webtiles) character file.

Game seed: 14045384202487353781

2500000 Griffin23 the Axe Maniac (level 18, -25/200 HPs)
             Began as a Minotaur Warper on Apr 14, 2024.
             Was the Champion of Makhleb.
             Annihilated by a destroyer
             ... wielding a +9 heavy great sword
              (225 damage)
             ... in the Dungeon (Sprint VIII: "Arena of Blood").
             The game lasted 00:01:02 (25 turns).

Griffin23 the Axe Maniac (Minotaur Warper)            Turns: 25, Time: 00:01:08

Health: -25/200    AC:  6    Str: 15    XL:     18   Next: 78%
Magic:  3/35       EV: 30    Int: 10    God:    Makhleb [******]
Gold:   0          SH:  0    Dex: 19    Spells: 45/45 levels left

rFire   . . .        j - +∞ Axe of Woe
rCold   . . .        (shield currently unavailable)
rNeg    . . .        b - +0 leather armour
rPois   .            (helmet restricted)
rElec   .            (no cloak)
rCorr   .            (no gloves)
SInv    .            (no boots)
Will    +....        (no amulet)
Stlth   ++++++       (no ring)
HPRegen 0.53/turn    (no ring)
MPRegen 0.24/turn

%: no teleportation
@: no status effects
A: horns 2, retaliatory headbutt
a: Renounce Religion, Minor Destruction, Lesser Servant of Makhleb, Major
Destruction, Greater Servant of Makhleb


You were in the Dungeon.
You worshipped Makhleb.
Makhleb was exalted by your worship.
You visited 1 branch

Inventory:

Hand Weapons
 a - a +0 hand axe
 j - the +∞ Axe of Woe (weapon)
   (You found it in the Dungeon)
Missiles
 d - 7 darts of dispersal (quivered)
Armour
 b - a +0 leather armour (worn)
Scrolls
 c - 2 scrolls of blinking
Potions
 e - a potion of curing
 f - a potion of heal wounds
 g - a potion of haste
 h - 2 potions of magic
 i - a potion of berserk rage


   Skills:
 O Level 27 Fighting
 O Level 27 Axes
 + Level 18.8(25.0) Maces & Flails
 + Level 18.8(25.0) Polearms
 + Level 16.6 Throwing
 O Level 27 Armour
 O Level 27 Dodging
 + Level 14.8 Stealth
 + Level 16.8 Unarmed Combat
 + Level 14.1 Spellcasting
 + Level 19.5 Translocations
 + Level 15.5 Invocations


You had 45 spell levels left.
You didn't know any spells.
Your spell library contained the following spells:

 Spells                   Type           Power      Damage    Failure   Level
 Blink                    Tloc           92%        N/A       0%          2
 Lesser Beckoning         Tloc           92%        N/A       0%          2
 Maxwell's Portable Pile  Tloc           46%        2d(9-27)  0%          3
 Teleport Other           Tloc           46%        N/A       0%          3
 Vhi's Electric Charge    Tloc/Air       52%        N/A       1%          4


Dungeon Overview and Level Annotations

Branches:
Dungeon (1/1)

Altars:
Makhleb


Innate Abilities, Weirdness & Mutations

You have a pair of horns on your head.
You reflexively headbutt those who attack you in melee.


Message History

Your Unarmed Combat skill gained 2 levels and is now at level 14!
Your Invocations skill gained 2 levels and is now at level 13!
You have reached level 18!
The large bag of meat shouts in stereo!
The destroyer shouts!
You hit the bag of meat but do no damage.
You fatally mangle the bag of meat.
You kill the bag of meat!
Makhleb accepts your kill.
You slice the bag of meat!!
You slaughter the bag of meat joyfully.
You kill the bag of meat!
Makhleb accepts your kill.
You slice the bag of meat!!
You pulverise the bag of meat into a thin bloody mist.
You kill the bag of meat!
Makhleb accepts your kill.
You slice the meat berserker!!
You slaughter the meat berserker joyfully.
You kill the meat berserker!
Makhleb accepts your kill.
You hear a shout!
A bag of meat comes into view. It is wielding a +9 war axe.
A large bag of meat comes into view. It is wielding a +9 giant spiked club.
The destroyer casts a spell at you.
The destroyer blinks!
Your base Maces & Flails skill gained 2 levels and is now at level 18!
Your base Polearms skill gained 2 levels and is now at level 18!
Your Throwing skill gained 2 levels and is now at level 16!
Your Stealth skill gained 2 levels and is now at level 14!
Your Unarmed Combat skill gained 2 levels and is now at level 16!
Your Spellcasting skill gained 2 levels and is now at level 14!
Your Translocations skill increases to level 19!
Your Invocations skill gained 2 levels and is now at level 15!
Unknown command.
A bag of meat and a meat berserker come into view.
The bag of meat misses you. You furiously retaliate!
You headbutt the bag of meat.
A meat berserker comes into view. It is wielding a +9 battleaxe.
The destroyer hits you with a +9 heavy great sword!!!!!
Ouch! That really hurt!
You die...

......_.........
.. #.....#o...§.
...#_.<._#......
o..#.....#§.....
......_.........
......###).......
.###.O..)).###...
#...)))§# ..
#oV.)@).#
......Vooo.....
O...ooO..oo...#
.............#.
..........o##..
.#........#. ..
.......O..#.O
##.#....... ..


You could see 2 destroyers, 3 large bags of meat, 2 meat berserkers and 11 bags
of meat.

Vanquished Creatures
  A vampire knight (D)
  6 ogres (D)
  22 orcs (D)
29 creatures vanquished.

Notes
Turn   | Place    | Note
-------+----------+-------------------------------------------
     0 | D        | Found the +∞ Axe of Woe
     0 | D        | Griffin23 the Minotaur Warper began the quest for the Orb.
     0 | D        | Reached XP level 1. HP: 18/18 MP: 1/1
     2 | D        | Noticed a bag of meat
     3 | D        | Noticed a bag of meat
     4 | D        | Became a worshipper of Makhleb the Destroyer
     4 | D        | Noticed a bag of meat
     6 | D        | Noticed a bag of meat
     6 | D        | Noticed a meat berserker
     7 | D        | Noticed a bag of meat
     7 | D        | Noticed a bag of meat
     8 | D        | Noticed a bag of meat
     8 | D        | Noticed a bag of meat
     8 | D        | Noticed a bag of meat
     8 | D        | Noticed a bag of meat
     8 | D        | Noticed a bag of meat
     9 | D        | Killed a meat berserker
     9 | D        | Noticed a meat berserker
     9 | D        | Noticed a bag of meat
     9 | D        | Noticed a bag of meat
    10 | D        | Reached skill level 10 in Dodging
    10 | D        | Reached skill level 15 in Translocations
    10 | D        | Reached XP level 2. HP: 42/42 MP: 1/10
    10 | D        | Reached XP level 3. HP: 49/49 MP: 1/12
    10 | D        | Reached XP level 4. HP: 57/57 MP: 1/13
    10 | D        | Reached XP level 5. HP: 63/63 MP: 1/15
    10 | D        | Reached XP level 6. HP: 71/71 MP: 1/16
    10 | D        | Reached XP level 7. HP: 78/78 MP: 1/18
    10 | D        | Reached XP level 8. HP: 85/85 MP: 1/19
    10 | D        | Reached XP level 9. HP: 91/91 MP: 1/20
    10 | D        | Reached XP level 10. HP: 99/99 MP: 1/21
    10 | D        | Reached XP level 11. HP: 105/105 MP: 1/22
    11 | D        | Killed a bag of meat
    11 | D        | Reached * piety under Makhleb
    11 | D        | Killed a bag of meat
    11 | D        | Killed a bag of meat
    11 | D        | Noticed a meat berserker
    11 | D        | Noticed a bag of meat
    11 | D        | Noticed a bag of meat
    12 | D        | Reached skill level 15 in Dodging
    12 | D        | Reached XP level 12. HP: 124/124 MP: 1/23
    12 | D        | Reached XP level 13. HP: 130/130 MP: 1/24
    12 | D        | Killed a bag of meat
    12 | D        | Reached ** piety under Makhleb
    12 | D        | Noticed a bag of meat
    12 | D        | Noticed a bag of meat
    13 | D        | Killed a meat berserker
    13 | D        | Killed a bag of meat
    13 | D        | Killed a bag of meat
    13 | D        | Reached *** piety under Makhleb
    13 | D        | Noticed a meat berserker
    13 | D        | Noticed a bag of meat
    13 | D        | Noticed a bag of meat
    14 | D        | Reached XP level 14. HP: 149/149 MP: 1/25
    14 | D        | Killed a bag of meat
    14 | D        | Killed a bag of meat
    14 | D        | Killed a bag of meat
    14 | D        | Reached **** piety under Makhleb
    15 | D        | Reached skill level 27 in Axes
    15 | D        | Reached XP level 15. HP: 165/165 MP: 1/26
    16 | D        | Killed a meat berserker
    16 | D        | Noticed a meat berserker
    16 | D        | Noticed a meat berserker
    17 | D        | Reached XP level 16. HP: 180/180 MP: 2/27
    17 | D        | Noticed a large bag of meat
    18 | D        | Reached ***** piety under Makhleb
    19 | D        | Reached skill level 27 in Fighting
    20 | D        | Reached skill level 27 in Armour
    20 | D        | Killed a meat berserker
    21 | D        | Reached skill level 27 in Dodging
    21 | D        | Reached skill level 10 in Spellcasting
    21 | D        | Noticed a destroyer
    21 | D        | Killed a meat berserker
    22 | D        | Reached skill level 10 in Throwing
    22 | D        | Reached skill level 10 in Unarmed Combat
    22 | D        | Reached XP level 17. HP: 191/191 MP: 2/31
    22 | D        | Noticed a destroyer
    22 | D        | Reached ****** piety under Makhleb
    23 | D        | Killed a destroyer
    24 | D        | Reached XP level 18. HP: 200/200 MP: 3/33
    24 | D        | Noticed a large bag of meat
    24 | D        | Noticed a destroyer
    24 | D        | Killed a meat berserker
    24 | D        | Noticed a large bag of meat
    25 | D        | Reached skill level 15 in Invocations
    25 | D        | Noticed a meat berserker
    25 | D        | Noticed a meat berserker
    25 | D        | Annihilated by a destroyer

Illustrated notes

Levels and vault maps discovered:
D:        meatsprint

Skill      XL: |  1  2  3  4  5  6  7  8  9 10 11 12 13 14 15 16 17 18 |
---------------+-------------------------------------------------------+-----
Fighting       | 12 16 20 23 26 27 | 27.0
Axes           | 13 20 26 27 | 27.0
Throwing       | 4 10 14 16 | 16.6
Armour         | 3 12 17 21 24 27 | 27.0
Dodging        | 10 15 19 21 24 27 | 27.0
Spellcasting   | 8 11 12 14 | 14.1
Translocations | 15 17 18 19 | 19.5
Maces & Flails | 11 16 18 | 18.8
Polearms       | 11 16 18 | 18.8
Stealth        | 8 12 14 | 14.8
Unarmed Combat | 10 14 16 | 16.8
Invocations    | 9 13 15 | 15.5

Action                     |  1- 3 |  4- 6 |  7- 9 | 10-12 | 13-15 | 16-18 || total
---------------------------+-------+-------+-------+-------+-------+-------++-------
  Melee: Executioner's axe |     1 |       |       |     1 |     4 |     8 ||    14
 Armour: Leather armour    |       |       |       |       |       |     1 ||     1
  Dodge: Dodged            |       |       |       |       |       |     1 ||     1

Table legend: (Time is in decaauts)
 A = Elapsed time spent in this place.
 B = Non-inter-level travel time spent in this place.
 C = Inter-level travel time spent in this place.
 D = Time resting spent in this place.
 E = Time spent auto-exploring this place.
 F = Levels seen in this place.
 G = Mean time per level.
                   A        B        C        D        E       F      G
               +--------+--------+--------+--------+--------+-----+--------+
         Total |     22 |     22 |      0 |      0 |      0 |   1 |   22.0 |
       Dungeon |     22 |     22 |      0 |      0 |      0 |   1 |   22.0 |
               +--------+--------+--------+--------+--------+-----+--------+

Top non-repeatable levels by time:
       D: 22 daAuts
